[ AOE2 MATCH · #479122572 ]
UnrankedMaya vs Georgians
[ REPLAY ANALYSIS · EXTRACTED FROM THE RECORDED GAME ]
Feudal
12:04
Castle
26:26
Imperial
41:29
| APM avg | 32.9 |
| APM peak | 61 |
| eAPM avg | 16.7 |
| Villagers / military | 91 / 411 |
Focus
⚔️ 49.5% · 🌾 50.5%
Eagle Scout ×348 · Unknown (2626) ×67 · Spearman ×32 · Fire Galley ×26 · Fishing Ship ×20 · Galley ×5
Feudal
12:50
Castle
18:00
Imperial
—
| APM avg | 57.0 |
| APM peak | 94 |
| eAPM avg | 25.4 |
| Villagers / military | 174 / 133 |
Focus
⚔️ 35.4% · 🌾 64.6%
Monaspa ×133 · Fishing Ship ×6
Feudal
12:26
Castle
16:25
Imperial
43:22
| APM avg | 31.9 |
| APM peak | 59 |
| eAPM avg | 20.2 |
| Villagers / military | 132 / 106 |
Focus
⚔️ 29.0% · 🌾 71.0%
Serjeant ×48 · Knight ×42 · Fishing Ship ×39 · Mangonel ×4 · Trebuchet (Packed) ×4 · Cannon Galleon ×3
Feudal
14:18
Castle
18:14
Imperial
—
| APM avg | 27.4 |
| APM peak | 60 |
| eAPM avg | 14.9 |
| Villagers / military | 149 / 22 |
Focus
⚔️ 36.4% · 🌾 63.6%
Unknown (2626) ×38 · Fire Galley ×22 · Fishing Ship ×20
Feudal
13:24
Castle
16:57
Imperial
42:57
| APM avg | 53.5 |
| APM peak | 98 |
| eAPM avg | 28.2 |
| Villagers / military | 168 / 46 |
Focus
⚔️ 43.8% · 🌾 56.2%
Unknown (1911) ×233 · Steppe Lancer ×29 · Trebuchet (Packed) ×16 · Fishing Ship ×11 · Unknown (1908) ×3 · Cavalry Archer ×1
Feudal
13:40
Castle
18:03
Imperial
44:13
| APM avg | 50.7 |
| APM peak | 92 |
| eAPM avg | 31.8 |
| Villagers / military | 273 / 150 |
Focus
⚔️ 24.4% · 🌾 75.6%
Archer ×81 · Spearman ×45 · Urumi Swordsman ×20 · Fishing Ship ×8 · Trebuchet (Packed) ×4
Match map
Initial resources + every placement click. Lines = walls · curves = elevation contours. ◆ gold · ⬟ stone · ● berries · ✦ relic · ◌ wall gap
Your base· Open — 4t gap
Oldspice's base· Open — 8t gap
[Mushu] Elgo Lazo's base· Open — unwalled flank
ashleylynn's base· Open — unwalled flank
таҗик's base· Open — 10t gap
IVIUSTANG's base· Open — 15t gap
Smoothed initial terrain · ◌ = detected wall gap · hover for details
Inputs per minute
— [Mushu] el pepe - - Oldspice
Build order — [Mushu] el pepe
First 150 of 443 actions detected
| 0:09 | Build | Town Center |
| 1:29 | Build | Dock |
| 1:32 | Build | House |
| 2:26 | Queue | Villager (Male) |
| 2:26 | Queue | Villager (Male) |
| 2:27 | Queue | Villager (Male) |
| 2:27 | Queue | Villager (Male) |
| 3:11 | Queue | Fishing Ship |
| 3:12 | Queue | Fishing Ship |
| 3:34 | Build | House |
| 3:37 | Research | Loom |
| 4:05 | Queue | Fishing Ship |
| 4:35 | Queue | Villager (Male) |
| 4:35 | Queue | Villager (Male) |
| 4:36 | Queue | Villager (Male) |
| 4:58 | Queue | Villager (Male) |
| 4:58 | Queue | Villager (Male) |
| 5:15 | Queue | Fishing Ship |
| 5:15 | Queue | Fishing Ship |
| 5:27 | Queue | Villager (Male) |
| 5:27 | Queue | Villager (Male) |
| 5:53 | Build | House |
| 5:55 | Queue | Villager (Male) |
| 5:55 | Queue | Villager (Male) |
| 6:18 | Queue | Villager (Male) |
| 6:18 | Queue | Villager (Male) |
| 6:19 | Queue | Fishing Ship |
| 6:28 | Build | House |
| 6:46 | Queue | Villager (Male) |
| 6:46 | Queue | Villager (Male) |
| 7:15 | Build | Mill |
| 7:20 | Queue | Villager (Male) |
| 7:32 | Queue | Villager (Male) |
| 7:56 | Queue | Villager (Male) |
| 8:12 | Queue | Fishing Ship |
| 8:12 | Queue | Fishing Ship |
| 8:25 | Build | House |
| 8:28 | Queue | Villager (Male) |
| 8:56 | Queue | Villager (Male) |
| 9:02 | Queue | Villager (Male) |
| 9:05 | Queue | Fishing Ship |
| 9:54 | Research | Feudal Age |
| 9:55 | Research | Feudal Age |
| 10:19 | Build | Mining Camp |
| 10:37 | Queue | Villager (Male) |
| 10:57 | Build | Dock |
| 11:16 | Queue | Villager (Male) |
| 11:30 | Build | House |
| 11:46 | Build | Dock |
| 12:04 | Age | Feudal Age |
| 12:10 | Queue | Unit 2626 |
| 12:10 | Queue | Unit 2626 |
| 12:16 | Build | House |
| 12:20 | Queue | Unit 2626 |
| 12:20 | Queue | Unit 2626 |
| 12:29 | Queue | Villager (Male) |
| 12:39 | Queue | Unit 2626 |
| 12:39 | Queue | Unit 2626 |
| 12:47 | Build | House |
| 12:57 | Queue | Unit 2626 |
| 13:12 | Queue | Villager (Male) |
| 13:17 | Queue | Unit 2626 |
| 13:18 | Queue | Unit 2626 |
| 13:21 | Queue | Villager (Male) |
| 13:40 | Queue | Unit 2626 |
| 14:09 | Queue | Villager (Male) |
| 14:11 | Queue | Unit 2626 |
| 14:12 | Queue | Unit 2626 |
| 14:12 | Queue | Unit 2626 |
| 14:48 | Queue | Villager (Male) |
| 14:52 | Queue | Fire Galley ×2 |
| 14:52 | Queue | Fire Galley ×2 |
| 14:54 | Queue | Unit 2626 |
| 14:54 | Queue | Unit 2626 |
| 14:56 | Queue | Villager (Male) |
| 14:59 | Build | Lumber Camp |
| 15:13 | Queue | Villager (Male) |
| 15:36 | Queue | Galley |
| 15:36 | Queue | Trade Cog |
| 15:36 | Queue | Galley |
| 15:36 | Queue | Trade Cog |
| 15:36 | Queue | Galley |
| 15:43 | Build | House |
| 15:44 | Build | House |
| 15:44 | Build | House |
| 15:44 | Build | House |
| 15:45 | Build | House |
| 15:45 | Build | House |
| 15:49 | Build | Lumber Camp |
| 16:04 | Queue | Villager (Male) |
| 16:06 | Queue | Unit 2626 ×2 |
| 16:14 | Queue | Villager (Male) |
| 16:16 | Research | Double-Bit Axe |
| 16:32 | Queue | Fire Galley |
| 16:32 | Queue | Fire Galley |
| 16:50 | Queue | Villager (Male) |
| 16:52 | Queue | Fire Galley |
| 16:55 | Queue | Villager (Male) |
| 17:16 | Queue | Villager (Male) |
| 17:18 | Queue | Unit 2626 ×3 |
| 17:18 | Queue | Unit 2626 ×3 |
| 17:18 | Queue | Unit 2626 ×3 |
| 17:30 | Build | Dock |
| 17:43 | Research | Gold Mining |
| 17:46 | Queue | Unit 2626 |
| 17:46 | Queue | Unit 2626 |
| 17:48 | Queue | Fire Galley |
| 17:48 | Queue | Fire Galley |
| 18:05 | Queue | Fire Galley |
| 18:05 | Queue | Fire Galley |
| 18:07 | Queue | Villager (Male) |
| 18:07 | Queue | Villager (Male) |
| 18:28 | Queue | Unit 2626 ×2 |
| 18:28 | Queue | Galley ×2 |
| 18:31 | Queue | Villager (Male) |
| 18:55 | Queue | Unit 2626 ×2 |
| 19:26 | Queue | Villager (Male) |
| 19:27 | Queue | Villager (Male) |
| 19:32 | Research | Horse Collar |
| 19:34 | Build | House |
| 19:35 | Build | House |
| 19:36 | Build | House |
| 19:36 | Build | House |
| 19:36 | Build | House |
| 19:39 | Build | Farm |
| 19:39 | Build | Farm |
| 19:39 | Build | Farm |
| 19:40 | Build | Farm |
| 19:40 | Build | Farm |
| 19:40 | Build | Farm |
| 19:40 | Build | Farm |
| 19:40 | Build | Farm |
| 19:41 | Build | Farm |
| 19:41 | Build | Farm |
| 19:57 | Queue | Unit 2626 |
| 19:57 | Queue | Unit 2626 |
| 20:13 | Build | Farm |
| 20:16 | Queue | Unit 2626 |
| 20:17 | Queue | Unit 2626 |
| 20:30 | Queue | Unit 2626 |
| 20:30 | Queue | Villager (Male) |
| 20:35 | Research | Tech 906 |
| 20:47 | Queue | Unit 2626 |
| 20:47 | Queue | Unit 2626 |
| 21:13 | Queue | Villager (Male) |
| 21:13 | Queue | Villager (Male) |
| 21:14 | Queue | Villager (Male) |
| 21:18 | Build | Market |
| 21:19 | Build | Blacksmith |
| 21:27 | Build | Blacksmith |
Build order — Oldspice
First 150 of 477 actions detected
| 0:32 | Build | Town Center |
| 1:49 | Build | Dock |
| 1:53 | Build | House |
| 2:51 | Queue | Villager (Male) |
| 2:51 | Queue | Villager (Male) |
| 2:51 | Queue | Villager (Male) |
| 3:05 | Research | Loom |
| 3:06 | Queue | Villager (Male) |
| 3:06 | Queue | Villager (Male) |
| 3:06 | Queue | Villager (Male) |
| 4:12 | Queue | Fishing Ship |
| 4:57 | Queue | Fishing Ship |
| 5:28 | Queue | Villager (Male) |
| 5:28 | Queue | Villager (Male) |
| 5:49 | Queue | Fishing Ship |
| 6:00 | Queue | Villager (Male) |
| 6:00 | Queue | Villager (Male) |
| 6:23 | Queue | Villager (Male) |
| 6:41 | Queue | Fishing Ship |
| 6:45 | Queue | Villager (Male) |
| 7:02 | Build | House |
| 7:05 | Queue | Villager (Male) |
| 7:29 | Queue | Villager (Male) |
| 7:30 | Queue | Villager (Male) |
| 7:33 | Queue | Fishing Ship |
| 7:56 | Build | House |
| 7:57 | Queue | Villager (Male) |
| 7:57 | Queue | Villager (Male) |
| 8:27 | Queue | Villager (Male) |
| 8:39 | Queue | Villager (Male) |
| 8:39 | Queue | Fishing Ship |
| 8:47 | Build | House |
| 8:57 | Queue | Villager (Male) |
| 9:37 | Build | Mill |
| 9:47 | Queue | Villager (Male) |
| 9:47 | Queue | Villager (Male) |
| 10:40 | Research | Feudal Age |
| 11:23 | Queue | Villager (Male) |
| 11:45 | Queue | Villager (Male) |
| 11:53 | Build | House |
| 11:54 | Build | House |
| 12:20 | Build | House |
| 12:31 | Queue | Villager (Male) |
| 12:35 | Build | House |
| 12:50 | Age | Feudal Age |
| 12:53 | Queue | Villager (Male) |
| 12:59 | Build | Market |
| 13:03 | Build | Blacksmith |
| 13:09 | Queue | Villager (Male) |
| 14:26 | Queue | Villager (Male) |
| 15:06 | Research | Castle Age |
| 15:35 | Build | Palisade Wall |
| 15:40 | Build | Palisade Wall |
| 15:45 | Research | Horse Collar |
| 16:10 | Build | Mule Cart |
| 16:53 | Queue | Villager (Male) |
| 17:00 | Research | Double-Bit Axe |
| 18:00 | Age | Castle Age |
| 18:05 | Queue | Villager (Male) |
| 18:07 | Build | Town Center |
| 18:16 | Build | Town Center |
| 18:49 | Queue | Villager (Male) |
| 18:49 | Queue | Villager (Male) |
| 19:01 | Queue | Villager (Male) |
| 19:18 | Queue | Villager (Male) |
| 19:18 | Queue | Villager (Male) |
| 19:42 | Queue | Villager (Male) |
| 19:42 | Queue | Villager (Male) |
| 20:12 | Build | Farm |
| 20:31 | Queue | Villager (Male) |
| 20:31 | Queue | Villager (Male) |
| 20:38 | Queue | Villager (Male) |
| 20:38 | Queue | Villager (Male) |
| 20:43 | Build | Farm |
| 20:44 | Build | Farm |
| 20:45 | Build | Farm |
| 20:48 | Build | Farm |
| 20:51 | Queue | Villager (Male) |
| 20:51 | Queue | Villager (Male) |
| 21:04 | Queue | Villager (Male) |
| 21:04 | Queue | Villager (Male) |
| 21:04 | Queue | Villager (Male) |
| 21:16 | Build | Castle |
| 21:25 | Queue | Villager (Male) |
| 21:26 | Queue | Villager (Male) |
| 21:26 | Queue | Villager (Male) |
| 21:40 | Queue | Villager (Male) |
| 21:40 | Queue | Villager (Male) |
| 21:59 | Build | House |
| 22:12 | Build | Farm |
| 22:12 | Build | Farm |
| 22:13 | Build | Farm |
| 22:13 | Build | Farm |
| 22:13 | Build | Farm |
| 22:35 | Build | Farm |
| 22:37 | Build | Farm |
| 22:38 | Build | Farm |
| 22:39 | Queue | Villager (Male) |
| 23:05 | Queue | Villager (Male) |
| 23:05 | Queue | Villager (Male) |
| 23:08 | Build | Farm |
| 23:09 | Build | Farm |
| 23:20 | Queue | Monaspa |
| 23:24 | Queue | Villager (Male) |
| 23:25 | Queue | Villager (Male) |
| 23:29 | Build | Farm |
| 23:43 | Queue | Monaspa |
| 24:02 | Queue | Monaspa |
| 24:03 | Queue | Villager (Male) |
| 24:04 | Queue | Villager (Male) |
| 24:04 | Queue | Villager (Male) |
| 24:18 | Queue | Monaspa |
| 24:21 | Build | Farm |
| 24:21 | Build | Farm |
| 24:27 | Queue | Monaspa |
| 24:34 | Build | Farm |
| 24:34 | Build | Farm |
| 24:43 | Research | Scale Barding Armor |
| 24:43 | Research | Scale Barding Armor |
| 24:52 | Queue | Villager (Male) |
| 24:52 | Queue | Villager (Male) |
| 25:05 | Queue | Villager (Male) |
| 25:05 | Queue | Villager (Male) |
| 25:10 | Build | Farm |
| 25:13 | Build | Farm |
| 25:26 | Research | Forging |
| 25:29 | Queue | Monaspa |
| 25:37 | Queue | Villager (Male) |
| 25:37 | Queue | Villager (Male) |
| 26:05 | Queue | Monaspa |
| 26:06 | Queue | Villager (Male) |
| 26:06 | Queue | Villager (Male) |
| 26:06 | Queue | Villager (Male) |
| 26:11 | Queue | Monaspa |
| 26:12 | Queue | Villager (Male) |
| 26:15 | Build | Barracks |
| 26:17 | Queue | Villager (Male) |
| 26:17 | Queue | Villager (Male) |
| 26:17 | Queue | Villager (Male) |
| 26:28 | Queue | Villager (Male) |
| 26:28 | Queue | Villager (Male) |
| 26:34 | Queue | Monaspa |
| 26:39 | Queue | Monaspa |
| 26:42 | Build | Farm |
| 26:50 | Queue | Monaspa |
| 27:10 | Build | House |
| 27:11 | Build | House |
| 27:12 | Build | House |
| 27:14 | Build | House |
| 27:15 | Build | House |
Build order — [Mushu] Elgo Lazo
First 150 of 487 actions detected
| 0:13 | Build | Town Center |
| 0:51 | Build | Dock |
| 0:54 | Build | House |
| 1:47 | Build | Palisade Wall |
| 1:50 | Build | Palisade Wall |
| 1:50 | Build | Palisade Wall |
| 2:36 | Queue | Villager (Male) |
| 2:36 | Queue | Villager (Male) |
| 2:36 | Queue | Villager (Male) |
| 2:36 | Queue | Villager (Male) |
| 3:53 | Build | House |
| 3:58 | Queue | Fishing Ship |
| 3:58 | Queue | Fishing Ship |
| 4:05 | Build | House |
| 4:16 | Queue | Villager (Male) |
| 4:16 | Queue | Villager (Male) |
| 4:42 | Queue | Villager (Male) |
| 4:42 | Queue | Villager (Male) |
| 4:55 | Build | House |
| 5:04 | Research | Loom |
| 5:21 | Queue | Villager (Male) |
| 5:21 | Queue | Villager (Male) |
| 5:30 | Build | House |
| 5:42 | Queue | Fishing Ship |
| 5:58 | Queue | Villager (Male) |
| 5:59 | Queue | Villager (Male) |
| 6:13 | Queue | Villager (Male) |
| 6:13 | Queue | Villager (Male) |
| 6:26 | Queue | Fishing Ship |
| 6:26 | Queue | Fishing Ship |
| 6:47 | Queue | Villager (Male) |
| 6:47 | Queue | Villager (Male) |
| 7:02 | Queue | Villager (Male) |
| 7:07 | Queue | Fishing Ship |
| 7:35 | Queue | Villager (Male) |
| 7:41 | Build | House |
| 7:53 | Queue | Villager (Male) |
| 7:54 | Queue | Fishing Ship |
| 8:24 | Queue | Villager (Male) |
| 8:34 | Queue | Fishing Ship |
| 8:55 | Queue | Villager (Male) |
| 9:06 | Build | House |
| 9:10 | Queue | Villager (Male) |
| 9:10 | Queue | Villager (Male) |
| 9:29 | Build | House |
| 9:37 | Build | Mining Camp |
| 10:08 | Research | Feudal Age |
| 11:11 | Build | Donjon |
| 11:33 | Queue | Villager (Male) |
| 11:33 | Queue | Villager (Male) |
| 12:26 | Age | Feudal Age |
| 12:30 | Build | Stable |
| 12:33 | Build | Blacksmith |
| 12:48 | Build | House |
| 13:20 | Queue | Villager (Male) |
| 13:41 | Research | Castle Age |
| 13:41 | Research | Castle Age |
| 14:23 | Build | Lumber Camp |
| 14:28 | Build | Mill |
| 14:47 | Research | Bloodlines |
| 15:05 | Research | Double-Bit Axe |
| 15:55 | Queue | Villager (Male) |
| 16:01 | Build | Stable |
| 16:25 | Age | Castle Age |
| 16:27 | Queue | Knight |
| 16:37 | Queue | Villager (Male) |
| 16:41 | Queue | Knight |
| 16:56 | Queue | Knight |
| 17:10 | Queue | Knight |
| 17:15 | Build | House |
| 17:17 | Queue | Villager (Male) |
| 17:22 | Build | House |
| 17:30 | Research | Scale Barding Armor |
| 17:32 | Queue | Knight |
| 17:58 | Build | Farm |
| 18:12 | Queue | Villager (Male) |
| 18:19 | Queue | Knight |
| 18:19 | Queue | Knight |
| 18:32 | Build | Siege Workshop |
| 18:35 | Queue | Villager (Male) |
| 18:44 | Build | House |
| 18:54 | Queue | Fishing Ship |
| 19:15 | Queue | Villager (Male) |
| 19:15 | Queue | Villager (Male) |
| 19:33 | Queue | Knight |
| 19:47 | Queue | Villager (Male) |
| 19:58 | Queue | Mangonel |
| 20:00 | Queue | Villager (Male) |
| 20:02 | Queue | Villager (Male) |
| 20:03 | Queue | Knight |
| 20:03 | Queue | Knight |
| 20:06 | Build | House |
| 20:15 | Research | Tech 906 |
| 20:15 | Research | Tech 906 |
| 20:35 | Queue | Knight |
| 20:37 | Queue | Villager (Male) |
| 20:54 | Queue | Villager (Male) |
| 20:58 | Queue | Villager (Male) |
| 21:17 | Queue | Mangonel |
| 21:20 | Queue | Villager (Male) |
| 21:33 | Build | House |
| 21:48 | Queue | Knight |
| 21:49 | Queue | Villager (Male) |
| 22:07 | Build | House |
| 22:21 | Research | Horse Collar |
| 22:23 | Queue | Fishing Ship |
| 22:26 | Queue | Villager (Male) |
| 22:45 | Research | Chain Barding Armor |
| 23:01 | Build | Dock |
| 23:01 | Queue | Villager (Male) |
| 23:03 | Queue | Villager (Male) |
| 23:08 | Queue | Villager (Male) |
| 23:27 | Queue | Villager (Male) |
| 23:35 | Build | House |
| 23:41 | Queue | Battering Ram |
| 24:13 | Queue | Fishing Ship |
| 24:16 | Queue | Villager (Male) |
| 24:17 | Build | House |
| 24:24 | Queue | Villager (Male) |
| 24:44 | Build | Town Center |
| 24:46 | Queue | Villager (Male) |
| 24:48 | Build | House |
| 24:58 | Queue | Knight |
| 24:59 | Research | Husbandry |
| 24:59 | Queue | Knight |
| 25:08 | Queue | Knight |
| 25:13 | Queue | Fishing Ship |
| 25:14 | Queue | Fishing Ship |
| 25:31 | Build | Outpost |
| 25:32 | Queue | Villager (Male) |
| 25:34 | Queue | Villager (Male) |
| 25:49 | Queue | Knight |
| 25:49 | Queue | Knight |
| 25:57 | Queue | Knight |
| 25:57 | Queue | Knight |
| 26:03 | Build | Monastery |
| 26:11 | Build | House |
| 26:15 | Queue | Fishing Ship |
| 26:16 | Queue | Fishing Ship |
| 26:35 | Queue | Villager (Male) |
| 26:41 | Queue | Serjeant |
| 26:41 | Queue | Serjeant |
| 26:43 | Research | Scale Mail Armor |
| 26:44 | Queue | Villager (Male) |
| 26:54 | Queue | Fishing Ship |
| 26:57 | Queue | Fishing Ship |
| 27:12 | Build | Lumber Camp |
| 27:13 | Queue | Knight |
| 27:14 | Queue | Villager (Male) |
| 27:14 | Queue | Villager (Male) |
Build order — ashleylynn
First 150 of 248 actions detected
| 0:39 | Build | Town Center |
| 0:44 | Build | Dock |
| 1:41 | Build | House |
| 2:52 | Queue | Villager (Male) ×5 |
| 2:52 | Queue | Villager (Male) ×5 |
| 3:22 | Build | House |
| 3:55 | Queue | Villager (Male) |
| 4:43 | Queue | Fishing Ship |
| 5:12 | Queue | Villager (Male) |
| 5:12 | Queue | Villager (Male) |
| 5:43 | Queue | Fishing Ship |
| 5:44 | Queue | Fishing Ship |
| 6:05 | Queue | Villager (Male) |
| 6:33 | Queue | Villager (Male) |
| 6:34 | Queue | Fishing Ship |
| 6:48 | Queue | Villager (Male) |
| 6:48 | Queue | Villager (Male) |
| 7:06 | Queue | Fishing Ship |
| 7:11 | Queue | Villager (Male) |
| 7:12 | Queue | Villager (Male) |
| 7:28 | Build | House |
| 7:39 | Queue | Villager (Male) |
| 7:42 | Queue | Fishing Ship |
| 7:50 | Build | House |
| 8:06 | Queue | Villager (Male) |
| 8:15 | Queue | Fishing Ship |
| 8:27 | Queue | Villager (Male) |
| 8:45 | Queue | Villager (Male) |
| 9:00 | Build | Dock |
| 9:08 | Queue | Villager (Male) |
| 9:21 | Queue | Villager (Male) |
| 9:27 | Queue | Fishing Ship |
| 9:47 | Queue | Villager (Male) |
| 9:53 | Queue | Fishing Ship |
| 10:17 | Build | Mining Camp |
| 10:21 | Queue | Fishing Ship |
| 10:31 | Queue | Fishing Ship |
| 10:37 | Queue | Villager (Male) |
| 10:49 | Queue | Villager (Male) |
| 10:49 | Queue | Villager (Male) |
| 11:03 | Queue | Villager (Male) |
| 11:09 | Queue | Fishing Ship |
| 11:19 | Build | Dock |
| 11:25 | Queue | Villager (Male) |
| 11:43 | Research | Loom |
| 11:47 | Queue | Fishing Ship |
| 11:47 | Queue | Fishing Ship |
| 11:50 | Build | House |
| 11:54 | Build | House |
| 12:05 | Research | Feudal Age |
| 12:30 | Build | Dock |
| 12:37 | Build | House |
| 12:39 | Queue | Villager (Male) |
| 12:39 | Queue | Villager (Male) |
| 12:54 | Queue | Fishing Ship |
| 12:54 | Queue | Fishing Ship |
| 13:04 | Build | Mill |
| 13:17 | Queue | Fishing Ship ×2 |
| 14:05 | Queue | Fishing Ship |
| 14:06 | Queue | Fishing Ship |
| 14:18 | Age | Feudal Age |
| 14:21 | Queue | Villager (Male) |
| 14:21 | Queue | Villager (Male) |
| 14:25 | Build | Market |
| 14:40 | Build | Blacksmith |
| 15:21 | Queue | Unit 2626 |
| 15:22 | Queue | Unit 2626 |
| 15:34 | Research | Castle Age |
| 15:34 | Research | Castle Age |
| 15:42 | Research | Tech 906 |
| 15:46 | Queue | Unit 2626 |
| 15:51 | Queue | Villager (Male) |
| 16:12 | Queue | Unit 2626 |
| 16:14 | Queue | Fire Galley |
| 16:27 | Queue | Villager (Male) |
| 16:27 | Queue | Villager (Male) |
| 16:31 | Build | Lumber Camp |
| 16:48 | Queue | Fire Galley |
| 17:00 | Build | Dock |
| 17:22 | Research | Gold Mining |
| 17:23 | Research | Double-Bit Axe |
| 17:31 | Queue | Fire Galley |
| 17:36 | Queue | Villager (Male) |
| 17:36 | Queue | Villager (Male) |
| 17:42 | Build | House |
| 18:04 | Queue | Fire Galley ×3 |
| 18:14 | Age | Castle Age |
| 18:30 | Build | Town Center |
| 18:32 | Build | Palisade Wall |
| 18:50 | Queue | Villager (Male) |
| 18:50 | Queue | Villager (Male) |
| 19:19 | Queue | Villager (Male) |
| 19:19 | Queue | Villager (Male) |
| 19:22 | Research | War Galley (upgrade) |
| 19:42 | Queue | Villager (Male) |
| 19:42 | Queue | Villager (Male) |
| 19:47 | Queue | Villager (Male) |
| 19:48 | Queue | Villager (Male) |
| 20:11 | Queue | Unit 2626 |
| 20:11 | Queue | Unit 2626 |
| 20:24 | Queue | Unit 2626 |
| 20:27 | Queue | Villager (Male) |
| 20:27 | Queue | Villager (Male) |
| 20:39 | Research | Fletching |
| 20:59 | Queue | Unit 2626 |
| 21:02 | Queue | Villager (Male) ×5 |
| 21:57 | Queue | Villager (Male) |
| 21:57 | Queue | Villager (Male) |
| 22:05 | Build | Town Center |
| 22:10 | Queue | Unit 2626 |
| 22:21 | Queue | Villager (Male) ×5 |
| 24:06 | Queue | Villager (Male) ×5 |
| 24:58 | Research | Town Watch |
| 25:11 | Queue | Villager (Male) |
| 25:11 | Queue | Villager (Male) |
| 25:16 | Build | Lumber Camp |
| 25:17 | Queue | Villager (Male) |
| 25:18 | Queue | Villager (Male) |
| 25:42 | Queue | Villager (Male) |
| 25:42 | Queue | Villager (Male) |
| 26:33 | Queue | Villager (Male) |
| 26:33 | Queue | Villager (Male) |
| 26:45 | Research | Bow Saw |
| 27:13 | Queue | Villager (Male) |
| 27:13 | Queue | Villager (Male) |
| 27:22 | Queue | Villager (Male) |
| 27:22 | Queue | Villager (Male) |
| 27:49 | Research | Gillnets |
| 27:56 | Queue | Villager (Male) |
| 27:57 | Queue | Villager (Male) |
| 28:02 | Build | Town Center |
| 28:10 | Research | Wheelbarrow |
| 28:30 | Queue | Villager (Male) |
| 28:31 | Queue | Villager (Male) |
| 29:12 | Queue | Villager (Male) |
| 29:12 | Queue | Villager (Male) |
| 29:17 | Queue | Villager (Male) |
| 29:17 | Queue | Villager (Male) |
| 29:25 | Queue | Villager (Male) |
| 29:25 | Queue | Villager (Male) |
| 29:57 | Queue | Villager (Male) |
| 29:57 | Queue | Villager (Male) |
| 30:03 | Build | Outpost |
| 30:24 | Queue | Villager (Male) |
| 30:25 | Queue | Villager (Male) |
| 30:48 | Build | Town Center |
| 31:01 | Build | Dock |
| 31:04 | Queue | Villager (Male) |
| 31:05 | Queue | Villager (Male) |
| 31:28 | Build | House |
Build order — таҗик
First 150 of 637 actions detected
| 0:03 | Build | Town Center |
| 1:14 | Build | Dock |
| 1:16 | Build | House |
| 2:23 | Queue | Villager (Male) |
| 2:24 | Queue | Villager (Male) |
| 2:24 | Queue | Villager (Male) |
| 2:24 | Queue | Villager (Male) |
| 2:24 | Queue | Villager (Male) |
| 3:27 | Queue | Fishing Ship |
| 4:00 | Queue | Villager (Male) |
| 4:01 | Queue | Villager (Male) |
| 4:14 | Build | House |
| 4:27 | Queue | Villager (Male) |
| 4:27 | Queue | Villager (Male) |
| 4:49 | Queue | Villager (Male) |
| 4:49 | Queue | Villager (Male) |
| 5:13 | Queue | Villager (Male) |
| 5:14 | Queue | Villager (Male) |
| 5:16 | Queue | Fishing Ship |
| 5:17 | Queue | Fishing Ship |
| 5:36 | Queue | Villager (Male) |
| 5:42 | Build | House |
| 6:08 | Queue | Villager (Male) |
| 6:21 | Queue | Fishing Ship |
| 6:22 | Queue | Fishing Ship |
| 6:25 | Build | House |
| 6:38 | Queue | Villager (Male) |
| 6:39 | Queue | Villager (Male) |
| 6:47 | Build | House |
| 6:57 | Queue | Villager (Male) |
| 6:57 | Queue | Fishing Ship |
| 7:16 | Build | House |
| 7:18 | Queue | Villager (Male) |
| 7:18 | Queue | Villager (Male) |
| 7:32 | Queue | Villager (Male) |
| 7:32 | Queue | Villager (Male) |
| 7:36 | Queue | Fishing Ship |
| 7:37 | Queue | Fishing Ship |
| 7:59 | Queue | Villager (Male) |
| 8:16 | Queue | Fishing Ship |
| 8:16 | Queue | Fishing Ship |
| 8:17 | Queue | Villager (Male) |
| 8:18 | Queue | Villager (Male) |
| 8:18 | Queue | Villager (Male) |
| 8:33 | Queue | Villager (Male) |
| 8:46 | Queue | Villager (Male) |
| 8:46 | Queue | Villager (Male) |
| 9:06 | Build | House |
| 9:19 | Build | Lumber Camp |
| 9:28 | Queue | Villager (Male) |
| 9:40 | Queue | Villager (Male) |
| 9:41 | Queue | Villager (Male) |
| 9:47 | Build | House |
| 10:30 | Queue | Villager (Male) |
| 10:47 | Build | Mining Camp |
| 11:14 | Research | Feudal Age |
| 11:47 | Build | Barracks |
| 12:18 | Queue | Villager (Male) |
| 12:18 | Queue | Villager (Male) |
| 13:24 | Age | Feudal Age |
| 13:25 | Build | Stable |
| 13:28 | Build | Blacksmith |
| 13:34 | Research | Double-Bit Axe |
| 13:35 | Research | Double-Bit Axe |
| 14:17 | Research | Castle Age |
| 14:18 | Research | Castle Age |
| 14:21 | Build | House |
| 14:25 | Research | Bloodlines |
| 14:34 | Build | Mill |
| 14:50 | Research | Gold Mining |
| 15:36 | Research | Scale Barding Armor |
| 15:58 | Build | Stable |
| 16:21 | Research | Forging |
| 16:37 | Queue | Villager (Male) |
| 16:39 | Research | Loom |
| 16:40 | Queue | Villager (Male) |
| 16:57 | Age | Castle Age |
| 16:58 | Queue | Steppe Lancer |
| 16:58 | Queue | Steppe Lancer |
| 17:01 | Build | House |
| 17:07 | Queue | Villager (Male) |
| 17:25 | Build | Mill |
| 17:30 | Queue | Fishing Ship |
| 17:33 | Queue | Steppe Lancer |
| 17:33 | Queue | Steppe Lancer |
| 17:38 | Queue | Steppe Lancer |
| 17:38 | Queue | Steppe Lancer |
| 17:47 | Build | House |
| 17:54 | Queue | Steppe Lancer |
| 17:54 | Queue | Steppe Lancer |
| 18:37 | Queue | Villager (Male) |
| 18:39 | Queue | Steppe Lancer |
| 18:39 | Queue | Steppe Lancer |
| 19:07 | Queue | Villager (Male) |
| 19:07 | Queue | Villager (Male) |
| 19:20 | Build | House |
| 19:22 | Queue | Villager (Male) |
| 19:22 | Queue | Villager (Male) |
| 19:54 | Queue | Villager (Male) |
| 19:54 | Queue | Villager (Male) |
| 20:00 | Build | Town Center |
| 20:13 | Build | House |
| 20:14 | Queue | Villager (Male) |
| 20:14 | Queue | Villager (Male) |
| 20:57 | Queue | Villager (Male) |
| 20:57 | Queue | Villager (Male) |
| 21:00 | Research | Husbandry |
| 21:06 | Research | Chain Barding Armor |
| 21:15 | Queue | Villager (Male) |
| 21:15 | Queue | Villager (Male) |
| 21:18 | Queue | Villager (Male) |
| 21:23 | Build | Mill |
| 21:36 | Queue | Steppe Lancer |
| 21:37 | Queue | Steppe Lancer |
| 21:37 | Queue | Steppe Lancer |
| 21:41 | Build | House |
| 22:01 | Queue | Villager (Male) |
| 22:05 | Queue | Steppe Lancer |
| 22:06 | Queue | Steppe Lancer |
| 22:11 | Build | Farm |
| 22:11 | Build | Farm |
| 22:11 | Build | Farm |
| 22:12 | Build | Farm |
| 22:12 | Build | Farm |
| 22:12 | Build | Farm |
| 22:12 | Build | Farm |
| 22:13 | Build | Farm |
| 22:13 | Build | Farm |
| 23:02 | Queue | Villager (Male) |
| 23:02 | Queue | Villager (Male) |
| 23:06 | Queue | Villager (Male) |
| 23:06 | Queue | Steppe Lancer |
| 23:07 | Queue | Steppe Lancer |
| 23:07 | Queue | Steppe Lancer |
| 23:21 | Queue | Villager (Male) |
| 23:21 | Queue | Villager (Male) |
| 23:21 | Queue | Villager (Male) |
| 23:24 | Build | Farm |
| 23:24 | Build | Farm |
| 23:24 | Build | Farm |
| 23:25 | Build | Farm |
| 23:25 | Build | Farm |
| 23:25 | Build | Farm |
| 23:25 | Build | Farm |
| 23:26 | Build | Farm |
| 23:28 | Queue | Steppe Lancer |
| 23:28 | Queue | Steppe Lancer |
| 23:47 | Queue | Villager (Male) |
| 23:47 | Queue | Villager (Male) |
| 23:55 | Build | Mill |
Build order — IVIUSTANG
First 150 of 575 actions detected
| 0:09 | Build | Town Center |
| 0:15 | Build | House |
| 0:47 | Build | Dock |
| 2:41 | Queue | Villager (Male) |
| 2:41 | Queue | Villager (Male) |
| 2:41 | Queue | Villager (Male) |
| 2:41 | Queue | Villager (Male) |
| 3:09 | Build | House |
| 3:25 | Queue | Villager (Male) |
| 3:25 | Queue | Villager (Male) |
| 3:25 | Queue | Villager (Male) |
| 3:55 | Build | House |
| 4:12 | Build | House |
| 4:34 | Queue | Fishing Ship |
| 4:54 | Queue | Villager (Male) |
| 4:54 | Queue | Villager (Male) |
| 4:54 | Queue | Villager (Male) |
| 4:54 | Queue | Villager (Male) |
| 4:54 | Queue | Villager (Male) |
| 4:54 | Queue | Villager (Male) |
| 4:54 | Queue | Villager (Male) |
| 5:17 | Queue | Villager (Male) |
| 5:17 | Queue | Villager (Male) |
| 5:17 | Queue | Villager (Male) |
| 5:17 | Queue | Villager (Male) |
| 5:17 | Queue | Villager (Male) |
| 5:21 | Queue | Fishing Ship |
| 5:36 | Queue | Villager (Male) |
| 5:36 | Queue | Villager (Male) |
| 5:36 | Queue | Villager (Male) |
| 5:36 | Queue | Villager (Male) |
| 5:36 | Queue | Villager (Male) |
| 6:14 | Queue | Villager (Male) |
| 6:14 | Queue | Villager (Male) |
| 6:14 | Queue | Villager (Male) |
| 6:14 | Queue | Villager (Male) |
| 6:14 | Queue | Villager (Male) |
| 6:14 | Queue | Villager (Male) |
| 6:25 | Queue | Fishing Ship |
| 6:31 | Build | House |
| 6:35 | Queue | Villager (Male) |
| 6:35 | Queue | Villager (Male) |
| 6:35 | Queue | Villager (Male) |
| 7:00 | Queue | Villager (Male) |
| 7:00 | Queue | Villager (Male) |
| 7:00 | Queue | Villager (Male) |
| 7:00 | Queue | Villager (Male) |
| 7:00 | Queue | Villager (Male) |
| 7:16 | Queue | Villager (Male) |
| 7:16 | Queue | Villager (Male) |
| 7:16 | Queue | Villager (Male) |
| 7:16 | Queue | Villager (Male) |
| 7:16 | Queue | Villager (Male) |
| 7:19 | Queue | Fishing Ship |
| 7:20 | Queue | Villager (Male) |
| 7:20 | Queue | Villager (Male) |
| 7:20 | Queue | Villager (Male) |
| 7:20 | Queue | Villager (Male) |
| 7:36 | Queue | Villager (Male) |
| 7:36 | Queue | Villager (Male) |
| 7:36 | Queue | Villager (Male) |
| 7:36 | Queue | Villager (Male) |
| 7:36 | Queue | Villager (Male) |
| 7:36 | Queue | Villager (Male) |
| 7:36 | Queue | Villager (Male) |
| 8:01 | Queue | Villager (Male) |
| 8:01 | Queue | Villager (Male) |
| 8:01 | Queue | Villager (Male) |
| 8:01 | Queue | Villager (Male) |
| 8:12 | Queue | Villager (Male) |
| 8:12 | Queue | Villager (Male) |
| 8:12 | Queue | Villager (Male) |
| 8:12 | Queue | Villager (Male) |
| 8:24 | Build | House |
| 8:25 | Queue | Villager (Male) |
| 8:25 | Queue | Villager (Male) |
| 8:25 | Queue | Villager (Male) |
| 8:25 | Queue | Villager (Male) |
| 8:28 | Queue | Fishing Ship |
| 8:34 | Build | House |
| 8:46 | Build | House |
| 8:48 | Queue | Villager (Male) |
| 8:48 | Queue | Villager (Male) |
| 8:48 | Queue | Villager (Male) |
| 9:08 | Queue | Villager (Male) |
| 9:08 | Queue | Villager (Male) |
| 9:20 | Queue | Fishing Ship |
| 9:35 | Queue | Villager (Male) |
| 9:35 | Queue | Villager (Male) |
| 9:35 | Queue | Villager (Male) |
| 9:36 | Queue | Villager (Male) |
| 9:36 | Queue | Villager (Male) |
| 9:36 | Queue | Villager (Male) |
| 9:36 | Queue | Villager (Male) |
| 9:36 | Queue | Villager (Male) |
| 9:41 | Build | House |
| 9:58 | Build | Mill |
| 10:24 | Queue | Fishing Ship |
| 11:19 | Build | Mining Camp |
| 11:28 | Research | Feudal Age |
| 11:44 | Queue | Fishing Ship |
| 12:18 | Build | House |
| 13:04 | Build | Mining Camp |
| 13:39 | Queue | Villager (Male) |
| 13:39 | Queue | Villager (Male) |
| 13:40 | Age | Feudal Age |
| 13:50 | Build | Market |
| 13:54 | Build | Blacksmith |
| 13:59 | Research | Loom |
| 14:58 | Queue | Villager (Male) |
| 14:58 | Research | Wheelbarrow |
| 15:08 | Research | Castle Age |
| 15:19 | Research | Tech 906 |
| 16:02 | Build | Lumber Camp |
| 16:26 | Research | Double-Bit Axe |
| 17:43 | Research | Stone Mining |
| 17:45 | Research | Gold Mining |
| 18:03 | Age | Castle Age |
| 18:05 | Queue | Villager (Male) |
| 18:05 | Queue | Villager (Male) |
| 18:05 | Queue | Villager (Male) |
| 18:19 | Build | Town Center |
| 18:26 | Build | Town Center |
| 18:27 | Queue | Villager (Male) |
| 18:27 | Queue | Villager (Male) |
| 18:27 | Queue | Villager (Male) |
| 18:30 | Queue | Villager (Male) |
| 18:36 | Research | Wheelbarrow |
| 18:40 | Research | Bow Saw |
| 18:44 | Build | Palisade Wall |
| 18:46 | Build | Palisade Wall |
| 19:16 | Queue | Villager (Male) |
| 19:16 | Queue | Villager (Male) |
| 19:16 | Queue | Villager (Male) |
| 19:25 | Queue | Villager (Male) |
| 19:25 | Queue | Villager (Male) |
| 19:25 | Queue | Villager (Male) |
| 19:35 | Queue | Villager (Male) |
| 19:35 | Queue | Villager (Male) |
| 19:37 | Queue | Villager (Male) |
| 19:37 | Queue | Villager (Male) |
| 19:37 | Queue | Villager (Male) |
| 19:37 | Queue | Villager (Male) |
| 20:52 | Build | Castle |
| 21:23 | Queue | Villager (Male) |
| 21:23 | Queue | Villager (Male) |
| 21:23 | Queue | Villager (Male) |
| 21:24 | Queue | Villager (Male) |
| 21:24 | Queue | Villager (Male) |
| 21:24 | Queue | Villager (Male) |
Match timeline
| 0:44 | ashleylynn · first_building Dock |
| 0:47 | IVIUSTANG · first_building Dock |
| 0:51 | [Mushu] Elgo Lazo · first_building Dock |
| 1:14 | таҗик · first_building Dock |
| 1:29 | [Mushu] el pepe · first_building Dock |
| 1:47 | [Mushu] Elgo Lazo · wall_segment Palisade Wall x1 |
| 1:49 | Oldspice · first_building Dock |
| 1:50 | [Mushu] Elgo Lazo · wall_segment Palisade Wall x1 |
| 1:50 | [Mushu] Elgo Lazo · wall_segment Palisade Wall x1 |
| 11:11 | [Mushu] Elgo Lazo · first_building Donjon |
| 11:47 | таҗик · first_building Barracks |
| 12:04 | [Mushu] el pepe · age_up feudal |
| 12:26 | [Mushu] Elgo Lazo · age_up feudal |
| 12:30 | [Mushu] Elgo Lazo · first_building Stable |
| 12:50 | Oldspice · age_up feudal |
| 13:24 | таҗик · age_up feudal |
| 13:25 | таҗик · first_building Stable |
| 13:40 | IVIUSTANG · age_up feudal |
| 14:18 | ashleylynn · age_up feudal |
| 15:35 | Oldspice · wall_segment Palisade Wall x9 |
| 15:40 | Oldspice · wall_segment Palisade Wall x7 |
| 16:25 | [Mushu] Elgo Lazo · age_up castle |
| 16:57 | таҗик · age_up castle |
| 18:00 | Oldspice · age_up castle |
| 18:03 | IVIUSTANG · age_up castle |
| 18:14 | ashleylynn · age_up castle |
| 18:32 | [Mushu] Elgo Lazo · first_building Siege Workshop |
| 18:32 | ashleylynn · wall_segment Palisade Wall x1 |
| 18:44 | IVIUSTANG · wall_segment Palisade Wall x1 |
| 18:46 | IVIUSTANG · wall_segment Palisade Wall x1 |
| 20:52 | IVIUSTANG · first_building Castle |
| 20:54 | Oldspice · first_market_buy 100 stone |
| 21:01 | Oldspice · first_market_sell 100 wood |
| 21:16 | Oldspice · first_building Castle |
| 21:21 | IVIUSTANG · first_market_sell 100 wood |
| 21:22 | IVIUSTANG · first_market_buy 100 food |
| 21:32 | IVIUSTANG · first_building Barracks |
| 23:41 | [Mushu] el pepe · first_market_buy 100 food |
| 23:45 | [Mushu] el pepe · first_market_sell 100 wood |
| 25:17 | [Mushu] el pepe · first_building Barracks |
| 26:03 | [Mushu] Elgo Lazo · first_building Monastery |
| 26:15 | Oldspice · first_building Barracks |
| 26:26 | [Mushu] el pepe · age_up castle |
| 27:24 | ashleylynn · first_market_buy 100 stone |
| 27:38 | [Mushu] Elgo Lazo · wall_segment Palisade Wall x1 |
| 27:38 | [Mushu] Elgo Lazo · wall_segment Palisade Wall x1 |
| 27:39 | [Mushu] Elgo Lazo · wall_segment Palisade Wall x1 |
| 27:40 | [Mushu] Elgo Lazo · wall_segment Palisade Wall x1 |
| 27:41 | Oldspice · first_building Stable |
| 27:57 | таҗик · first_building Archery Range |
| 28:31 | [Mushu] Elgo Lazo · wall_segment Palisade Wall x1 |
| 28:51 | IVIUSTANG · tribute_sent a jugador 1 |
| 28:51 | IVIUSTANG · tribute_sent a jugador 2 |
| 28:51 | IVIUSTANG · tribute_sent a jugador 3 |
| 28:51 | IVIUSTANG · tribute_sent a jugador 4 |
| 28:51 | IVIUSTANG · tribute_sent a jugador 6 |
| 28:51 | Oldspice · tribute_sent a jugador 2 |
| 28:51 | Oldspice · tribute_sent a jugador 3 |
| 28:51 | Oldspice · tribute_sent a jugador 4 |
| 28:51 | Oldspice · tribute_sent a jugador 5 |
| 28:51 | Oldspice · tribute_sent a jugador 6 |
| 30:36 | [Mushu] Elgo Lazo · first_building Barracks |
| 31:36 | IVIUSTANG · first_building Archery Range |
| 31:42 | [Mushu] Elgo Lazo · first_market_buy 100 wood |
| 32:17 | [Mushu] el pepe · wall_segment Palisade Wall x1 |
| 33:32 | [Mushu] Elgo Lazo · wall_segment Palisade Wall x1 |
| 33:35 | [Mushu] Elgo Lazo · wall_segment Palisade Wall x1 |
| 35:33 | таҗик · first_building Castle |
| 35:55 | [Mushu] Elgo Lazo · first_building Castle |
| 36:47 | [Mushu] el pepe · first_building Monastery |
| 38:15 | ashleylynn · first_building Castle |
| 40:09 | [Mushu] Elgo Lazo · first_market_sell 100 food |
| 41:29 | [Mushu] el pepe · age_up imperial |
| 42:57 | таҗик · age_up imperial |
| 43:10 | IVIUSTANG · first_building Siege Workshop |
| 43:22 | [Mushu] Elgo Lazo · age_up imperial |
| 44:13 | IVIUSTANG · age_up imperial |
| 44:19 | [Mushu] el pepe · tribute_sent a jugador 1 |
| 44:19 | [Mushu] el pepe · tribute_sent a jugador 2 |
| 44:19 | [Mushu] el pepe · tribute_sent a jugador 3 |
| 44:19 | [Mushu] el pepe · tribute_sent a jugador 4 |
| 44:19 | [Mushu] el pepe · tribute_sent a jugador 5 |
| 44:24 | таҗик · first_market_sell 100 food |
| 44:26 | ashleylynn · first_building Barracks |
| 45:19 | Oldspice · wall_segment Stone Wall x9 |
| 47:15 | [Mushu] el pepe · first_building Castle |
| 49:21 | ashleylynn · resign |
[ AI ANALYSIS · 1 CREDIT ]
What really happened in this match?
Wolo.gg analyzes every decision: build order, eco, micro, common mistakes by bracket. Personalized analysis on WhatsApp or Discord in 30 seconds.
Civ guide
Maya
Perfil
[Mushu] el pepe